[Event "Thursday Night Engine Tour 7rd Swiss 12m+1s Starts at 2200hrs ST"]
[Site "Infinity Chess"]
[Date "2018.4.6"]
[Round "7"]
[White "star99"]
[Black "OlivierEvan"]
[Result "1-0"]
[ECO "B06"]
[WhiteElo "2380"]
[BlackElo "2463"]
[WhiteEngine "Cryptic Heroes 9.3B"]
[BlackEngine "Houdini 6"]
[EventType "Swiss"]
[WhiteTeam ""]
[BlackTeam ""]
[PlyCount "213"]
[TimeControl "720+1"]

1. e4 g6 2. d4 Bg7 3. Nf3 d6 4. c4 Bg4 5. Be2 Nc6 6. Be3 e5 7. d5 Bxf3 
8. Bxf3 Nd4 9. Nc3 c5 10. dxc6 bxc6 11. Rc1 Ne7 12. h4 Qd7 13. h5 O-O 14. b4 f5 
15. hxg6 hxg6 16. b5 cxb5 17. Nxb5 fxe4 18. Bxe4 d5 19. Bd3 Nef5 20. c5 Nxe3 
21. fxe3 Rae8 22. Nd6 Re6 23. exd4 exd4+ 24. Ne4 Qc6 25. Qb3 Rf7 26. Qb8+ Rf8 
27. Qb3 Rf7 28. Rb1 Ree7 29. Qb5 Qe6 30. Kd2 dxe4 31. Bc4 e3+ 32. Kc1 Qf6 
33. Qb8+ Bf8 34. Qd6 Qg5 35. Qxd4 e2+ 36. Kc2 Qf5+ 37. Kd2 Qg5+ 38. Kc2 Qf5+ 
39. Qd3 Re4 40. Bd5 Qf2 41. Bxf7+ Kxf7 42. Qd5+ Re6 43. Rbe1 Kf6 44. Qf3+ Qxf3 
45. gxf3 Bxc5 46. Rh2 Ra6 47. Kb3 Ra3+ 48. Kc4 Bb6 49. Rhxe2 Rxf3 50. Re6+ Kg7 
51. R1e5 Ra3 52. Re2 Kf7 53. Rd6 Ra4+ 54. Kb3 Ra5 55. Rh2 Kg7 56. Rg2 g5 
57. Rc6 Rf5 58. Kc4 Rf4+ 59. Kd3 Rf3+ 60. Ke4 Rf4+ 61. Ke5 Bd8 62. Ra6 Rf7 
63. a4 Rd7 64. a5 Rf7 65. Rd2 Bf6+ 66. Ke4 Rc7 67. Rad6 Rc4+ 68. Kf3 Kf7 
69. Rd7+ Ke6 70. Rxa7 Ra4 71. a6 Bd4 72. Ra8 Bb6 73. Rb2 Bc5 74. Rc2 Ra3+ 
75. Kg2 Bd4 76. Rd2 Bc5 77. Rc2 Bd4 78. Rc4 Ra2+ 79. Kf3 Bg1 80. Rg4 Ra3+ 
81. Ke2 Bb6 82. Rxg5 Kd6 83. Rg6+ Kc5 84. Rc8+ Kb5 85. Rc2 Bd4 86. Rd2 Ba7 
87. Rd5+ Kc4 88. Rd7 Ra2+ 89. Kf3 Ra3+ 90. Ke4 Bf2 91. Rd2 Ba7 92. Rc2+ Kb5 
93. Rb2+ Kc5 94. Rb7 Ra4+ 95. Ke5 Ra2 96. Rc7+ Kb5 97. Rxa7 Kc5 98. Rc7+ Kb5 
99. a7 Re2+ 100. Kd4 Rd2+ 101. Kc3 Ra2 102. Rg5+ Kb6 103. Rh7 Rf2 104. Rh6+ Kc7 
105. Rg7+ Rf7 106. Rxf7+ Kd8 107. a8=Q# 1-0

[Event "Thursday Night Engine Tour 7rd Swiss 12m+1s Starts at 2200hrs ST"]
[Site "Infinity Chess"]
[Date "2018.4.6"]
[Round "7"]
[White "MCDermont"]
[Black "ocirema"]
[Result "1/2-1/2"]
[ECO "E32"]
[WhiteElo "2499"]
[BlackElo "2413"]
[WhiteEngine "BrainFish 010418 WM_CTG"]
[BlackEngine "asmFishW_2018-04-01_popcnt_CTG"]
[EventType "Swiss"]
[WhiteTeam ""]
[BlackTeam ""]
[PlyCount "127"]
[TimeControl "720+1"]

1. d4 Nf6 2. c4 e6 3. Nc3 Bb4 4. Qc2 O-O 5. e4 d5 6. e5 Ne4 7. Bd3 c5 
8. Nf3 cxd4 9. Nxd4 Nd7 10. Bf4 Qh4 11. g3 Qh5 12. O-O g5 13. cxd5 Bxc3 
14. bxc3 exd5 15. Bxe4 dxe4 16. e6 gxf4 17. exd7 Bxd7 18. Qxe4 fxg3 19. fxg3 Bh3 
20. Rf3 Rfe8 21. Qxb7 Rab8 22. Qc6 Qg5 23. Rf2 Rbc8 24. Qf3 Re7 25. Nc6 Rec7 
26. Re1 Bg4 27. Qf4 Qxf4 28. Rxf4 Be6 29. Nd4 Bxa2 30. Ra1 Bc4 31. Nf5 Be6 
32. Nd4 Bd7 33. Nf5 Bxf5 34. Rxf5 Rxc3 35. Rxa7 Rc1+ 36. Kf2 R8c2+ 37. Kf3 Rf1+ 
38. Kg4 Rxf5 39. Kxf5 Rxh2 40. g4 Rf2+ 41. Ke4 Kg7 42. Ke3 Rf6 43. g5 Rf5 
44. Ra3 Kg6 45. Ra1 Kxg5 46. Rg1+ Kf6 47. Ra1 h5 48. Rh1 Kg6 49. Rg1+ Kh7 
50. Ke4 Rf6 51. Rh1 Kh6 52. Ke3 Kg5 53. Rg1+ Kf5 54. Rf1+ Ke5 55. Ra1 Rh6 
56. Ra5+ Kf6 57. Kf2 h4 58. Kg2 h3+ 59. Kh2 Rh8 60. Ra1 Rh4 61. Rg1 Ke5 
62. Re1+ Kd5 63. Rf1 Rh7 64. Rd1+ 1/2-1/2

[Event "Thursday Night Engine Tour 7rd Swiss 12m+1s Starts at 2200hrs ST"]
[Site "Infinity Chess"]
[Date "2018.4.6"]
[Round "7"]
[White "MrScience"]
[Black "beka"]
[Result "1/2-1/2"]
[ECO "D02"]
[WhiteElo "2449"]
[BlackElo "2366"]
[WhiteEngine "cfish"]
[BlackEngine "stockfish_18032408_32bit"]
[EventType "Swiss"]
[WhiteTeam ""]
[BlackTeam ""]
[PlyCount "29"]
[TimeControl "720+1"]

1. d4 d5 2. Nf3 Nf6 3. c4 e6 4. g3 Bb4+ 5. Bd2 Be7 6. Bg2 O-O 7. Qc2 c6 
8. O-O b6 9. Ne5 Bb7 10. Bf4 Nbd7 11. Rd1 Nh5 12. Bc1 Nhf6 13. Bf4 Nh5 
14. Bc1 Nhf6 15. Bf4 1/2-1/2

[Event "Thursday Night Engine Tour 7rd Swiss 12m+1s Starts at 2200hrs ST"]
[Site "Infinity Chess"]
[Date "2018.4.6"]
[Round "7"]
[White "Seliga"]
[Black "Macho"]
[Result "1/2-1/2"]
[ECO "C50"]
[WhiteElo "2450"]
[BlackElo "2462"]
[WhiteEngine "SF9 ''M24''_CTG"]
[BlackEngine "asmFishW_2018-04-01_popcnt_CTG"]
[EventType "Swiss"]
[WhiteTeam ""]
[BlackTeam ""]
[PlyCount "108"]
[TimeControl "720+1"]

1. e4 e5 2. Nf3 Nc6 3. Bc4 Bc5 4. d3 Nf6 5. O-O d6 6. c3 a5 7. h3 O-O 8. Nbd2 h6 
9. Re1 Be6 10. Bxe6 fxe6 11. Nb3 Bb6 12. a4 Qd7 13. Be3 Bxe3 14. Rxe3 Rf7 
15. d4 exd4 16. cxd4 Raf8 17. Nc1 Nh5 18. Nd3 Nf4 19. Rc1 Nxd3 20. Qxd3 Nb4 
21. Qb5 b6 22. Qxd7 Rxd7 23. h4 c5 24. b3 Rc8 25. dxc5 bxc5 26. Re2 Rdd8 
27. Kf1 e5 28. Nd2 Nc6 29. Re3 g6 30. Nc4 Ra8 31. f4 exf4 32. Rd3 Rab8 
33. Rxd6 Rxd6 34. Nxd6 Rxb3 35. Rxc5 Nd4 36. Rxa5 Rb1+ 37. Kf2 Rb2+ 38. Kg1 f3 
39. Ra8+ Kh7 40. Ra7+ Kg8 41. g3 Rb1+ 42. Kf2 Rb2+ 43. Ke3 f2 44. Ra8+ Kh7 
45. Ra7+ Kg8 46. Ra8+ Kh7 47. Rf8 Nf5+ 48. exf5 g5 49. Rf7+ Kg8 50. f6 f1=Q 
51. Rg7+ Kf8 52. Rf7+ Kg8 53. Rg7+ Kf8 54. Rf7+ Kg8 1/2-1/2

[Event "Thursday Night Engine Tour 7rd Swiss 12m+1s Starts at 2200hrs ST"]
[Site "Infinity Chess"]
[Date "2018.4.6"]
[Round "7"]
[White "MarioDeMonti"]
[Black "SkyPilot"]
[Result "1/2-1/2"]
[ECO "E61"]
[WhiteElo "2493"]
[BlackElo "2469"]
[WhiteEngine "stockfish_x64_bmi2_2018_02_18_CTG"]
[BlackEngine "stockfish_x64_bmi2_2018_03_30_CTG"]
[EventType "Swiss"]
[WhiteTeam ""]
[BlackTeam ""]
[PlyCount "127"]
[TimeControl "720+1"]

1. d4 Nf6 2. c4 g6 3. Nc3 d6 4. e4 Bg7 5. Nf3 O-O 6. Be2 e5 7. O-O Nc6 8. d5 Ne7 
9. b4 Kh8 10. Nd2 Ne8 11. c5 f5 12. f3 f4 13. Nc4 Rf7 14. Qb3 h5 15. Qd1 a6 
16. a4 g5 17. a5 Bd7 18. Na4 Nc8 19. Bb2 Qe7 20. Rc1 Rb8 21. Kh1 Kg8 
22. cxd6 cxd6 23. Nab6 Nxb6 24. Nxb6 Bf6 25. Qb3 Rg7 26. Rc2 g4 27. Nxd7 Qxd7 
28. b5 axb5 29. Qxb5 Qd8 30. Rfc1 Ra8 31. Bc3 Bh4 32. Kg1 Kh7 33. Bb4 Be7 
34. Rc4 Bh4 35. R4c3 Kh6 36. Qa4 Nc7 37. Rb1 Ne8 38. Rbc1 Nc7 39. Rb1 Ne8 
40. Qa3 Rc8 41. fxg4 hxg4 42. g3 Kh7 43. Rxc8 Qxc8 44. Bb5 Bg5 45. Qd3 Rg6 
46. Qc3 Qd8 47. Rb2 Nc7 48. Be2 f3 49. Bf1 Rg7 50. h3 Rf7 51. hxg4 Qd7 
52. Rf2 Qxg4 53. Qd3 Nb5 54. Rh2+ Kg6 55. Kf2 Qc8 56. Qc4 Rc7 57. Qxb5 Rc2+ 
58. Kg1 Be3+ 59. Kh1 Rxh2+ 60. Kxh2 Qc2+ 61. Kh3 Qc8+ 62. Kh2 Qc2+ 63. Kh3 Qc8+ 
64. Kh2 1/2-1/2

[Event "Thursday Night Engine Tour 7rd Swiss 12m+1s Starts at 2200hrs ST"]
[Site "Infinity Chess"]
[Date "2018.4.6"]
[Round "7"]
[White "Deep_Impact"]
[Black "THE_MACHINE"]
[Result "1/2-1/2"]
[ECO "C55"]
[WhiteElo "2476"]
[BlackElo "2483"]
[WhiteEngine "BrainFish_180404_x64_bmi2"]
[BlackEngine "BrainFish_180404_x64_bmi2"]
[EventType "Swiss"]
[WhiteTeam ""]
[BlackTeam ""]
[PlyCount "51"]
[TimeControl "720+1"]

1. e4 e5 2. Nf3 Nc6 3. Bc4 Nf6 4. d3 Bc5 5. O-O d6 6. c3 O-O 7. Nbd2 a5 
8. Re1 Be6 9. Bb5 Ne7 10. d4 Ba7 11. Nf1 Ng6 12. Be3 c6 13. Bd3 a4 14. Bc2 b5 
15. h3 h6 16. Ng3 Bb6 17. Qd2 Re8 18. b3 axb3 19. axb3 Qc7 20. b4 Reb8 
21. Nf5 Ne8 22. Red1 Bc4 23. Kh1 Be6 24. Kg1 Bc4 25. Kh1 Be6 26. Kg1 1/2-1/2

[Event "Thursday Night Engine Tour 7rd Swiss 12m+1s Starts at 2200hrs ST"]
[Site "Infinity Chess"]
[Date "2018.4.6"]
[Round "7"]
[White "KRAKEN"]
[Black "Murx"]
[Result "1/2-1/2"]
[ECO "D11"]
[WhiteElo "2482"]
[BlackElo "2524"]
[WhiteEngine "Raubfisch X38a_CTG"]
[BlackEngine "BrainFish_180404_x64_modern"]
[EventType "Swiss"]
[WhiteTeam ""]
[BlackTeam ""]
[PlyCount "135"]
[TimeControl "720+1"]

1. d4 d5 2. c4 c6 3. Nf3 Nf6 4. e3 e6 5. b3 Bd6 6. Bd3 Nbd7 7. Bb2 Ne4 
8. Nc3 Nxc3 9. Bxc3 O-O 10. O-O f5 11. b4 dxc4 12. Bxc4 Nb6 13. Be2 Nd5 
14. Qb3 Qe7 15. a3 b6 16. Bd2 Bb7 17. Rfc1 Nf6 18. Rab1 Rae8 19. Rd1 Ne4 
20. Be1 g5 21. Nd2 Nxd2 22. Rxd2 Rf6 23. Rc1 Qg7 24. g3 Ref8 25. Rdc2 Qg6 
26. Qd3 Qh6 27. f3 Qg6 28. Qb3 h5 29. Bd3 Qf7 30. Rg2 Qd7 31. Rf2 Rh6 32. e4 f4 
33. e5 fxg3 34. hxg3 Be7 35. Be4 h4 36. gxh4 Rxh4 37. Rd2 Rh6 38. Qc3 Qc8 
39. Bxc6 Bxc6 40. Qxc6 Qa6 41. Qc3 Qb7 42. Qc6 Qa6 43. Qc3 Qb7 44. d5 exd5 
45. Qc7 Qxc7 46. Rxc7 Rh7 47. Rc3 g4 48. Rg2 Rg7 49. Rxg4 Rxg4+ 50. fxg4 Rf4 
51. Rc7 Rxg4+ 52. Kf2 Kf7 53. Rxa7 Ke6 54. Rb7 Bd8 55. Kf3 Rc4 56. a4 Kxe5 
57. Rb8 Bh4 58. Bxh4 Rxh4 59. Rxb6 Rh3+ 60. Ke2 Rh2+ 61. Kd1 Rh1+ 62. Kc2 Rh2+ 
63. Kb1 Rh1+ 64. Ka2 Rh2+ 65. Ka1 Rh1+ 66. Ka2 Rh2+ 67. Ka1 Rh1+ 68. Ka2 1/2-1/2

[Event "Thursday Night Engine Tour 7rd Swiss 12m+1s Starts at 2200hrs ST"]
[Site "Infinity Chess"]
[Date "2018.4.6"]
[Round "6"]
[White "Murx"]
[Black "OlivierEvan"]
[Result "1-0"]
[ECO "B06"]
[WhiteElo "2509"]
[BlackElo "2478"]
[WhiteEngine "BrainFish_180404_x64_modern"]
[BlackEngine "Houdini 6"]
[EventType "Swiss"]
[WhiteTeam ""]
[BlackTeam ""]
[PlyCount "153"]
[TimeControl "720+1"]

1. e4 g6 2. d4 Bg7 3. Nc3 d6 4. Nf3 a6 5. Bc4 e6 6. O-O b5 7. Bd3 Bb7 8. Re1 Nd7 
9. Ne2 Ngf6 10. Ng3 c5 11. c3 O-O 12. a4 Bc6 13. a5 c4 14. Bc2 Re8 15. h4 e5 
16. h5 Bb7 17. Bg5 h6 18. Be3 Qe7 19. Nh4 Nf8 20. b3 cxb3 21. Bxb3 Kh7 
22. dxe5 dxe5 23. Bc1 Qc7 24. Ba3 Ne6 25. Bd6 Qd8 26. Nf3 Nxh5 27. Nxh5 gxh5 
28. Re3 h4 29. Ra2 b4 30. Rd2 bxc3 31. Rdd3 Rc8 32. Bxe5 Qxa5 33. Bxg7 Nxg7 
34. Rd7 Red8 35. Bc2 Bc6 36. e5+ Kg8 37. Rd4 Rxd4 38. Nxd4 Qd5 39. Qg4 Qxg2+ 
40. Qxg2 Bxg2 41. Kxg2 Rc4 42. Ne2 Ne6 43. Rxc3 Nf4+ 44. Kf3 Rxc3+ 45. Nxc3 Ng6 
46. e6 a5 47. Kg4 Ne5+ 48. Kf4 Nc6 49. Be4 Ne7 50. Nd5 Kf8 51. Nxe7 Kxe7 
52. exf7 Kxf7 53. Kg4 a4 54. Kxh4 a3 55. Bd5+ Kf6 56. f4 Kf5 57. Kg3 Kf6 
58. Kf3 Kf5 59. Ba2 h5 60. Bb3 Kf6 61. Ke4 Kg6 62. Ke5 h4 63. f5+ Kh7 64. f6 h3 
65. Ke6 h2 66. Bc2+ Kh6 67. f7 h1=Q 68. f8=Q+ Kg5 69. Qf5+ Kh4 70. Qh7+ Kg3 
71. Qxh1 Kf2 72. Bd1 Ke3 73. Ke5 Kd2 74. Kd4 a2 75. Qh2+ Kxd1 76. Kd3 a1=Q 
77. Qg1# 1-0

[Event "Thursday Night Engine Tour 7rd Swiss 12m+1s Starts at 2200hrs ST"]
[Site "Infinity Chess"]
[Date "2018.4.6"]
[Round "6"]
[White "fati64"]
[Black "Dovahkiin"]
[Result "1/2-1/2"]
[ECO "B90"]
[WhiteElo "2432"]
[BlackElo "2367"]
[WhiteEngine "BrainFish_180404_x64"]
[BlackEngine "corchess_x64_modern_CTG"]
[EventType "Swiss"]
[WhiteTeam ""]
[BlackTeam ""]
[PlyCount "140"]
[TimeControl "720+1"]

1. e4 c5 2. Nf3 d6 3. d4 cxd4 4. Nxd4 Nf6 5. Nc3 a6 6. Be3 e5 7. Nb3 Be6 
8. f3 Be7 9. Qd2 O-O 10. O-O-O Nbd7 11. g4 b5 12. g5 Nh5 13. Kb1 Qc7 
14. Nd5 Bxd5 15. exd5 Nb6 16. Na5 Nxd5 17. Qxd5 Qxa5 18. Bd3 Rac8 19. c4 Qd8 
20. cxb5 axb5 21. h4 b4 22. Rhe1 g6 23. Ba6 Rb8 24. f4 Nxf4 25. Bxf4 exf4 
26. Re4 f3 27. Rf4 Kh8 28. Rxf3 Qb6 29. Bc4 Rbc8 30. Qe4 Qc5 31. Bxf7 Rc7 
32. Bb3 Rxf3 33. Qxf3 Rc8 34. Rf1 d5 35. Rd1 Bf8 36. Qd3 Qd6 37. Qxd5 Qxd5 
38. Bxd5 Rd8 39. Kc2 Kg7 40. Kb3 h6 41. Ka4 Rd7 42. Ka5 Be7 43. Ka4 Bf8 
44. Kb3 Be7 45. Rd3 Bf8 46. Rd2 Be7 47. Rd3 Bf8 48. Rd4 Be7 49. gxh6+ Kxh6 
50. a3 bxa3 51. bxa3 Bf6 52. Rd3 Bxh4 53. a4 g5 54. Kc4 g4 55. a5 Bf2 56. a6 Kg5 
57. Bb7 Rc7+ 58. Kb5 Rc1 59. Rd5+ Kf4 60. Rd3 Rb1+ 61. Kc4 Rc1+ 62. Kb3 g3 
63. Rc3 Ra1 64. Kc4 Rxa6 65. Bxa6 g2 66. Rf3+ Ke5 67. Rxf2 g1=Q 68. Re2+ Kd6 
69. Rd2+ Kc7 70. Rd3 Kb6 1/2-1/2

[Event "Thursday Night Engine Tour 7rd Swiss 12m+1s Starts at 2200hrs ST"]
[Site "Infinity Chess"]
[Date "2018.4.6"]
[Round "6"]
[White "Thinker"]
[Black "RonWeasley"]
[Result "1/2-1/2"]
[ECO "C11"]
[WhiteElo "2423"]
[BlackElo "2483"]
[WhiteEngine "BrainFish_180329_x64_modern_CTG"]
[BlackEngine "BrainFish 010418 WM_CTG"]
[EventType "Swiss"]
[WhiteTeam ""]
[BlackTeam ""]
[PlyCount "122"]
[TimeControl "720+1"]

1. e4 e6 2. d4 d5 3. Nc3 Nf6 4. e5 Nfd7 5. f4 c5 6. Nf3 Nc6 7. Be3 cxd4 
8. Nxd4 Qb6 9. Qd2 Qxb2 10. Rb1 Qa3 11. Bb5 Nxd4 12. Bxd4 a6 13. Bxd7+ Bxd7 
14. Rb3 Qe7 15. Rxb7 Rc8 16. O-O Qd8 17. Qf2 Rxc3 18. Bxc3 Qc8 19. Rb3 Ba4 
20. Bd4 Bxb3 21. axb3 Be7 22. c3 O-O 23. b4 Qc6 24. Ra1 Bd8 25. h4 Bc7 26. h5 h6 
27. g4 a5 28. g5 axb4 29. gxh6 gxh6 30. Kh1 Kh8 31. Rg1 Rg8 32. Rxg8+ Kxg8 
33. Qg1+ Kf8 34. Bc5+ Ke8 35. Qg8+ Kd7 36. Qxf7+ Kc8 37. cxb4 d4+ 38. Kh2 d3 
39. Be3 Kb7 40. Qg8 Qc4 41. b5 Qxb5 42. Qxe6 d2 43. Bxd2 Qe2+ 44. Kg3 Qxd2 
45. Qf7 Qe3+ 46. Kg4 Qd3 47. Qg6 Qd1+ 48. Kg3 Bd8 49. Qe4+ Kb8 50. Qb4+ Ka7 
51. Qe4 Qxh5 52. f5 Qg5+ 53. Kf3 Qh5+ 54. Kf2 Bh4+ 55. Kf1 Qd1+ 56. Kg2 Qd2+ 
57. Kh3 Qg5 58. Qxh4 Qxf5+ 59. Kg3 Qxe5+ 60. Kf3 h5 61. Qc4 Kb6 1/2-1/2

[Event "Thursday Night Engine Tour 7rd Swiss 12m+1s Starts at 2200hrs ST"]
[Site "Infinity Chess"]
[Date "2018.4.6"]
[Round "6"]
[White "MCDermont"]
[Black "beka"]
[Result "1/2-1/2"]
[ECO "D30"]
[WhiteElo "2505"]
[BlackElo "2360"]
[WhiteEngine "BrainFish 010418 WM_CTG"]
[BlackEngine "stockfish_18032408_32bit"]
[EventType "Swiss"]
[WhiteTeam ""]
[BlackTeam ""]
[PlyCount "76"]
[TimeControl "720+1"]

1. d4 d5 2. c4 e6 3. Nf3 Nf6 4. Nc3 c6 5. Bg5 h6 6. Bxf6 Qxf6 7. e3 Nd7 
8. Be2 g6 9. O-O Bg7 10. e4 dxe4 11. Nxe4 Qf4 12. Qc2 f5 13. Ned2 c5 14. g3 Qd6 
15. Nh4 Kf7 16. d5 e5 17. Rae1 h5 18. Kg2 Nf6 19. b4 b6 20. bxc5 bxc5 
21. Ndf3 Nh7 22. Bd3 Re8 23. Nxf5 gxf5 24. Bxf5 Bxf5 25. Qxf5+ Kg8 26. Qxh5 e4 
27. Nd2 Nf6 28. Qg5 Qe5 29. Qxe5 Rxe5 30. Re2 Rb8 31. Rb1 Rxb1 32. Nxb1 Ne8 
33. f4 Re7 34. Nd2 Nd6 35. Nb3 Nb7 36. Nd2 Nd6 37. Nb3 Rc7 38. Nd2 Re7 1/2-1/2

[Event "Thursday Night Engine Tour 7rd Swiss 12m+1s Starts at 2200hrs ST"]
[Site "Infinity Chess"]
[Date "2018.4.6"]
[Round "6"]
[White "ocirema"]
[Black "star99"]
[Result "1/2-1/2"]
[ECO "C65"]
[WhiteElo "2414"]
[BlackElo "2379"]
[WhiteEngine "asmFishW_2018-04-01_popcnt_CTG"]
[BlackEngine "Cryptic Heroes 9.3B"]
[EventType "Swiss"]
[WhiteTeam ""]
[BlackTeam ""]
[PlyCount "137"]
[TimeControl "720+1"]

1. e4 e5 2. Nf3 Nc6 3. Bb5 Nf6 4. d3 d6 5. d4 exd4 6. Nxd4 Bd7 7. O-O Nxd4 
8. Bxd7+ Qxd7 9. Qxd4 Be7 10. Nc3 O-O 11. Bf4 a6 12. Rad1 Rfe8 13. f3 b5 
14. Rfe1 Rad8 15. Qd2 c6 16. Ne2 d5 17. e5 Nh5 18. Bg5 f6 19. exf6 Nxf6 
20. c3 Rc8 21. Nd4 h6 22. Be3 c5 23. Ne2 Bd6 24. Bf2 Qf7 25. Bg3 Rcd8 26. a3 Be7 
27. Qf4 Qg6 28. Bf2 Nh5 29. Qg4 Qxg4 30. fxg4 Nf6 31. Nf4 Bd6 32. Rxe8+ Rxe8 
33. Nxd5 Nxg4 34. h3 Nxf2 35. Kxf2 Rf8+ 36. Ke2 Re8+ 37. Kf2 Rd8 38. Ke2 Kf7 
39. Ne3 Ke6 40. b3 Rf8 41. Rd5 Be7 42. h4 a5 43. Rh5 a4 44. b4 Rf4 45. bxc5 Rxh4 
46. Rxh4 Bxh4 47. c4 bxc4 48. Nxc4 Be7 49. c6 Bc5 50. Kd3 Bf8 51. Kd4 h5 
52. Kd3 h4 53. Ke2 Ke7 54. Ke3 Ke6 55. Kf3 Bc5 56. Ke4 Bf8 57. Kd3 Bc5 
58. Kc3 g5 59. Kd3 g4 60. Ke4 h3 61. gxh3 gxh3 62. Kf3 h2 63. Kg2 Bg1 
64. Kh1 Ke7 65. Na5 Kd6 66. Nc4+ Kxc6 67. Nb2 Bf2 68. Nxa4 Bd4 69. Kxh2 1/2-1/2

[Event "Thursday Night Engine Tour 7rd Swiss 12m+1s Starts at 2200hrs ST"]
[Site "Infinity Chess"]
[Date "2018.4.6"]
[Round "6"]
[White "Seliga"]
[Black "MrScience"]
[Result "1/2-1/2"]
[ECO "C50"]
[WhiteElo "2450"]
[BlackElo "2449"]
[WhiteEngine "SF9 ''M24''_CTG"]
[BlackEngine "cfish"]
[EventType "Swiss"]
[WhiteTeam ""]
[BlackTeam ""]
[PlyCount "193"]
[TimeControl "720+1"]

1. e4 e5 2. Nf3 Nc6 3. Bc4 Bc5 4. d3 Nf6 5. O-O d6 6. Nc3 a5 7. Bg5 h6 
8. Bxf6 Qxf6 9. Nd5 Qd8 10. c3 Bg4 11. Qe2 Bh5 12. Rad1 O-O 13. Kh1 Rb8 
14. Rg1 b5 15. d4 exd4 16. Bxb5 Ne5 17. cxd4 Nxf3 18. gxf3 Rxb5 19. Rg3 c6 
20. dxc5 Rxc5 21. Nf4 Qf6 22. Qd2 Rd8 23. b3 Re5 24. h3 Kh7 25. Rc1 d5 
26. Nxh5 Rxh5 27. Qxa5 Rd6 28. Qc3 Qxc3 29. Rxc3 d4 30. Rc2 Re5 31. Rg1 f5 
32. Re1 c5 33. Kh2 g5 34. Kg2 Kg7 35. a4 Rb6 36. Rb1 Kf6 37. Rc4 h5 38. b4 cxb4 
39. Rxd4 b3 40. Rd3 Ra5 41. Rdxb3 Rxb3 42. Rxb3 Rxa4 43. Rb6+ Kf7 44. Rb5 fxe4 
45. Rxg5 exf3+ 46. Kxf3 Ra3+ 47. Kg2 h4 48. Rg4 Ke6 49. Rxh4 Kf6 50. Rg4 Kf5 
51. f3 Ra1 52. h4 Kf6 53. Rg8 Ra4 54. Kg3 Ra1 55. Kf2 Rh1 56. Rg4 Ra1 
57. Rg8 Rb1 58. Rg5 Ra1 59. Kg2 Ra7 60. Kg3 Ra1 61. Kg4 Rh1 62. Rb5 Ra1 
63. h5 Rg1+ 64. Kf4 Ra1 65. Rb6+ Kg7 66. h6+ Kh8 67. Kf5 Kh7 68. Rd6 Rb1 
69. Kg5 Rb5+ 70. Kh4 Rb2 71. Rf6 Ra2 72. Kg4 Ra1 73. Kg3 Rb1 74. Kg2 Ra1 
75. Kg3 Rb1 76. Rd6 Ra1 77. Kg2 Rb1 78. Ra6 Rc1 79. Rb6 Ra1 80. Kg3 Rc1 
81. Kg4 Ra1 82. Re6 Rb1 83. Kg5 Rg1+ 84. Kf4 Ra1 85. Rf6 Rb1 86. Kg5 Rg1+ 
87. Kf4 Ra1 88. Rd6 Rb1 89. Ke4 Re1+ 90. Kf5 Ra1 91. Ke4 Rb1 92. Rc6 Ra1 
93. Kf5 Rb1 94. Re6 Ra1 95. Rf6 Rf1 96. Ke5 Ra1 97. f4 1/2-1/2

[Event "Thursday Night Engine Tour 7rd Swiss 12m+1s Starts at 2200hrs ST"]
[Site "Infinity Chess"]
[Date "2018.4.6"]
[Round "6"]
[White "Macho"]
[Black "THE_MACHINE"]
[Result "1/2-1/2"]
[ECO "C55"]
[WhiteElo "2461"]
[BlackElo "2484"]
[WhiteEngine "asmFishW_2018-04-01_popcnt_CTG"]
[BlackEngine "BrainFish_180404_x64_bmi2"]
[EventType "Swiss"]
[WhiteTeam ""]
[BlackTeam ""]
[PlyCount "126"]
[TimeControl "720+1"]

1. e4 e5 2. Nf3 Nc6 3. Bc4 Nf6 4. d3 Bc5 5. O-O d6 6. c3 O-O 7. Bg5 h6 8. Bh4 g5 
9. Bg3 a6 10. a4 Ba7 11. Nbd2 Nh7 12. h3 h5 13. Kh1 Kh8 14. b4 h4 15. Bh2 g4 
16. hxg4 Bxg4 17. b5 Na5 18. Ba2 Qf6 19. bxa6 Ng5 20. axb7 Rab8 21. d4 h3 
22. Rg1 Rxb7 23. dxe5 Qh6 24. Qf1 hxg2+ 25. Qxg2 Bxf3 26. Nxf3 Nh3 27. Raf1 Rb2 
28. exd6 cxd6 29. Bd5 Rxf2 30. Qg3 Nxg1 31. Rxg1 Be3 32. e5 Rxf3 33. Qxf3 Bxg1 
34. Kxg1 Qg5+ 35. Kf2 dxe5 36. Qe3 Qf5+ 37. Qf3 Qxf3+ 38. Kxf3 f6 39. Ke4 Kg7 
40. Kf5 Rc8 41. Bg3 Nc6 42. Ke6 Nd8+ 43. Kf5 Nc6 44. Ke6 Nd8+ 45. Kf5 Rb8 
46. a5 Rb1 47. a6 Rf1+ 48. Ke4 Ra1 49. Bc4 Ra5 50. Kf5 Nf7 51. Ke6 Ng5+ 
52. Kf5 e4+ 53. Kf4 Rc5 54. Bf1 Rxc3 55. a7 Rf3+ 56. Kg4 Ra3 57. Bf2 e3 
58. Bxe3 Kg6 59. Bd3+ Rxd3 60. a8=Q Rxe3 61. Qg8+ Kh6 62. Qd5 f5+ 63. Kxf5 Kh5 
1/2-1/2

[Event "Thursday Night Engine Tour 7rd Swiss 12m+1s Starts at 2200hrs ST"]
[Site "Infinity Chess"]
[Date "2018.4.6"]
[Round "6"]
[White "MarioDeMonti"]
[Black "KRAKEN"]
[Result "1/2-1/2"]
[ECO "D30"]
[WhiteElo "2494"]
[BlackElo "2481"]
[WhiteEngine "stockfish_x64_bmi2_2018_02_18_CTG"]
[BlackEngine "Raubfisch X38a_CTG"]
[EventType "Swiss"]
[WhiteTeam ""]
[BlackTeam ""]
[PlyCount "94"]
[TimeControl "720+1"]

1. d4 d5 2. c4 e6 3. Nf3 Nf6 4. Nc3 c6 5. Bg5 h6 6. Bxf6 Qxf6 7. e3 Nd7 
8. Be2 g6 9. O-O Bg7 10. e4 dxe4 11. Nxe4 Qf4 12. Qc2 f5 13. Nc3 Bxd4 14. g3 Qd6 
15. Rad1 e5 16. Rfe1 O-O 17. Qd2 Kg7 18. Bf1 Nf6 19. b4 Qxb4 20. Nxd4 exd4 
21. Qxd4 Rf7 22. Ne2 Bd7 23. Nf4 Re8 24. Rxe8 Bxe8 25. Qxa7 Re7 26. a3 Qb2 
27. Nd3 Qb3 28. Qc5 Re6 29. Rd2 b6 30. Qd4 Qxa3 31. Qxb6 Bf7 32. c5 Ne4 
33. Rb2 Ng5 34. Kg2 Rf6 35. Qc7 Qa4 36. f3 f4 37. Be2 fxg3 38. hxg3 Qd4 
39. Qe5 Qxe5 40. Nxe5 Bd5 41. Rb7+ Kg8 42. Kh2 Nxf3+ 43. Bxf3 Bxf3 44. Rb8+ Kh7 
45. Rb7+ Kg8 46. Rb8+ Kg7 47. Rb7+ Kg8 1/2-1/2

[Event "Thursday Night Engine Tour 7rd Swiss 12m+1s Starts at 2200hrs ST"]
[Site "Infinity Chess"]
[Date "2018.4.6"]
[Round "6"]
[White "SkyPilot"]
[Black "Deep_Impact"]
[Result "1/2-1/2"]
[ECO "D30"]
[WhiteElo "2469"]
[BlackElo "2476"]
[WhiteEngine "stockfish_x64_bmi2_2018_03_30_CTG"]
[BlackEngine "BrainFish_180404_x64_bmi2"]
[EventType "Swiss"]
[WhiteTeam ""]
[BlackTeam ""]
[PlyCount "111"]
[TimeControl "720+1"]

1. d4 d5 2. c4 e6 3. Nf3 Nf6 4. Nc3 c6 5. Bg5 h6 6. Bh4 dxc4 7. e4 g5 8. Bg3 b5 
9. Be2 Bb7 10. h4 g4 11. Ne5 Nbd7 12. Nxd7 Qxd7 13. Be5 Qe7 14. O-O Rg8 
15. b3 Bg7 16. g3 b4 17. Na4 Nxe4 18. Bxc4 c5 19. Bxg7 Rxg7 20. Bd3 Nc3 
21. Qd2 cxd4 22. Nxc3 bxc3 23. Bb5+ Kf8 24. Qxd4 Rc8 25. Qxa7 Bd5 26. Qe3 Qc5 
27. Qxc5+ Rxc5 28. Bd3 f5 29. Rfc1 Rc8 30. a4 Rgc7 31. Bc2 Bf3 32. a5 Rd7 
33. a6 Rd2 34. Bd1 Ba8 35. Rc2 Bf3 36. Rcc1 Be4 37. a7 Ba8 38. Kf1 Rb2 
39. Bc2 Rd8 40. Rd1 Rc8 41. Rdc1 Rd8 42. Rd1 Rxd1+ 43. Rxd1 Ke7 44. Rc1 Ra2 
45. Bd3 Rxa7 46. Ke2 Bf3+ 47. Ke3 Ra3 48. Rxc3 Bd5 49. Bc2 Kf6 50. Kd4 Ra1 
51. b4 Ra2 52. b5 Rb2 53. Rc5 Ra2 54. Rc3 Rb2 55. Rc5 Ra2 56. Rc3 1/2-1/2

[Event "Thursday Night Engine Tour 7rd Swiss 12m+1s Starts at 2200hrs ST"]
[Site "Infinity Chess"]
[Date "2018.4.5"]
[Round "5"]
[White "star99"]
[Black "MCDermont"]
[Result "1/2-1/2"]
[ECO "A46"]
[WhiteElo "2374"]
[BlackElo "2510"]
[WhiteEngine "Cryptic Heroes 9.3B"]
[BlackEngine "BrainFish 010418 WM_CTG"]
[EventType "Swiss"]
[WhiteTeam ""]
[BlackTeam ""]
[PlyCount "74"]
[TimeControl "720+1"]

1. d4 Nf6 2. Nf3 d5 3. c4 e6 4. Nc3 c6 5. Bg5 h6 6. Bh4 dxc4 7. e4 g5 8. Bg3 b5 
9. Be2 Bb7 10. h4 g4 11. Ne5 Nbd7 12. Bxg4 Nxe5 13. Bxe5 Rg8 14. Bf3 Nd7 
15. Bg3 Qb6 16. O-O O-O-O 17. Kh1 Rxg3 18. fxg3 Ne5 19. Ne2 c5 20. dxc5 Rxd1 
21. cxb6 Rd2 22. Bh5 axb6 23. Bxf7 Nxf7 24. Rxf7 Bc5 25. Nf4 Rxb2 26. Nxe6 Bxe4 
27. Nxc5 bxc5 28. Re1 Rb1 29. Rff1 Rxe1 30. Rxe1 Bd3 31. Kg1 b4 32. Re5 Kc7 
33. Rxc5+ Kd6 34. Rc8 Kd7 35. Rc5 Kd6 36. Rc8 Kd7 37. Rc5 Kd6 1/2-1/2

[Event "Thursday Night Engine Tour 7rd Swiss 12m+1s Starts at 2200hrs ST"]
[Site "Infinity Chess"]
[Date "2018.4.5"]
[Round "5"]
[White "Dovahkiin"]
[Black "Seliga"]
[Result "0-1"]
[ECO "C24"]
[WhiteElo "2381"]
[BlackElo "2436"]
[WhiteEngine "corchess_x64_modern_CTG"]
[BlackEngine "SF9 ''M24''_CTG"]
[EventType "Swiss"]
[WhiteTeam ""]
[BlackTeam ""]
[PlyCount "43"]
[TimeControl "720+1"]

1. e4 e5 2. Bc4 Nf6 3. d3 c6 4. Nf3 d5 5. Bb3 a5 6. a4 Bb4+ 7. c3 Bd6 8. O-O O-O 
9. exd5 cxd5 10. Bg5 Be6 11. Na3 Nbd7 12. Re1 Rc8 13. h3 Bb8 14. Bh4 Re8 
15. Nh2 h6 16. Nb5 Nf8 17. Bg3 Ng6 18. Bc2 Rc6 19. Nf1 Nh7 20. Ne3 Qg5 
21. Ng4 h5 22. Nh2 0-1